 Dungeon Crawl Stone Soup version 0.31-a0-18-gea43df2a32 (webtiles) character file.

Game seed: 16342509035388550687

254716 Morbidden the Brawler (level 19, -2/128 (179) HPs)
             Began as a Troll Monk on May 8, 2023.
             Was the Champion of Cheibriados.
             Slain by a spectral quicksilver dragon (6 damage)
             ... in a wizard's laboratory on May 9, 2023.
             The game lasted 01:11:29 (33885 turns).

Morbidden the Brawler (Troll Monk)                 Turns: 33885, Time: 01:11:30

HP:   -2/128 (179)  AC: 30    Str: 39      XL:     19   Next: 41%
MP:   27/27         EV: 16    Int: 29      God:    Cheibriados [******]
Gold: 4938          SH:  0    Dex: 26 (27) Spells: 10/30 levels left

rFire   + +          .
                       - Unarmed
rCold   + + +        g - +0 kite shield {reflect}
rNeg    . . .        C - +2 gold dragon scales
rPois   +            a - +1 hat {Will+}
rElec   +            M - +5 cloak of Virchud {+Inv rElec rF+}
rCorr   .            (gloves unavailable)
SInv    +            (boots unavailable)
Will    ++...        S - amulet of regeneration Stlth
                     F - ring "Juewkal" {Fly rPois rC++}
HPRegen 2.01/turn    V - ring of Sovereignty {Contam EV+5 Int+2 SInv}
MPRegen 0.20/turn

%: reflection
@: confused, ambrosia-drunk, flying, studying 2 skills, very heavily drained,
very slow
A: large, unfitting armour, claws 3, regeneration 1, shaggy fur 1, tough skin 1
}: 1/15 runes: decaying
a: Renounce Religion, Evoke Invisibility, Bend Time, Temporal Distortion,
Slouch, Step From Time


You were in a wizard's laboratory.
You worshipped Cheibriados.
Cheibriados was exalted by your worship.
You visited 8 branches of the dungeon, and saw 36 of its levels.
You also visited: Ossuary, Bailey, Ice Cave and Wizlab.

You collected 5988 gold pieces.
You spent 1050 gold pieces at shops.

Inventory:

Hand Weapons
 b - the +14 lance "Wyrmbane" {slay drac, rPois rF+ rC+ AC+3}
   (You bought it in a shop on level 2 of the Orcish Mines)

   AC:        It affects your AC (+3).
   rF:        It protects you from fire.
   rC:        It protects you from cold.
   rPois:     It protects you from poison.
Missiles
 d - 5 silver javelins
 q - 17 poisoned darts
 v - 17 boomerangs (quivered)
 y - 59 large rocks
 K - 11 javelins
 T - 5 curare-tipped darts
Armour
 a - a +1 hat of willpower (worn)
 g - a +0 kite shield of reflection (worn)
 C - +2 gold dragon scales (worn)
 M - the +5 cloak of Virchud (worn) {+Inv rElec rF+}
   (You found it on level 8 of the Dungeon)

   rF:        It protects you from fire.
   rElec:     It insulates you from electricity.
   +Inv:      It lets you turn invisible.
 W - the +4 robe of Folly {Brill Will-∞ Int+8}
   (You found it on level 11 of the Dungeon)

   Brill:     It increases the power of your magical spells and halves their MP
   cost (rounding up).
   Will-∞: It reduces your willpower to zero.
   Int:       It affects your intelligence (+8).
Jewellery
 F - the ring "Juewkal" (left claw) {Fly rPois rC++}
   (You acquired it on level 6 of the Dungeon)

   [ring of flight]

   rC:        It greatly protects you from cold.
   rPois:     It protects you from poison.
   Fly:       It grants you flight.
 I - a ring of flight
 S - an amulet of regeneration (around neck)
 V - the ring of Sovereignty (right claw) {Contam EV+5 Int+2 SInv}
   (You found it on level 4 of the Lair of Beasts)

   [ring of evasion]

   EV:        It affects your evasion (+5).
   Int:       It affects your intelligence (+2).
   SInv:      It lets you see invisible.
   Contam:    It causes magical contamination when unequipped.
Wands
 c - a wand of mindburst (27)
 p - a wand of paralysis (15)
 w - a wand of polymorph (7)
 J - a wand of iceblast (20)
 P - a wand of digging (19)
 R - a wand of flame (47)
 X - a wand of light (1)
Scrolls
 m - 2 scrolls of blinking
 o - 2 scrolls of amnesia
 r - 11 scrolls of identify
 t - a scroll of teleportation
 u - 2 scrolls of torment
 x - a scroll of silence
 A - 6 scrolls of fog
 D - 2 scrolls of enchant weapon
 E - 2 scrolls of immolation
 O - 6 scrolls of magic mapping
 U - 2 scrolls of summoning
Potions
 f - 3 potions of invisibility
 h - 13 potions of mutation
 i - 2 potions of cancellation
 j - 9 potions of attraction
 k - 6 potions of brilliance
 l - 16 potions of curing
 n - 8 potions of berserk rage
 s - 4 potions of lignification
 z - 6 potions of flight
 B - 6 potions of magic
 H - 8 potions of might
 Q - 7 potions of ambrosia
Miscellaneous
 e - a box of beasts (inert)
 N - a phantom mirror (inert)
 Y - a lightning rod (3/4)
 Z - a tin of tremorstones (inert)


   Skills:
 * Level 9.0 Fighting
 - Level 0.8(3.0) Axes
 * Level 4.6 Polearms
 + Level 0.7 Ranged Weapons
 * Level 7.5 Throwing
 * Level 11.9 Armour
 * Level 8.9 Dodging
 - Level 2.0 Stealth
 * Level 5.9 Shields
 * Level 17.6 Unarmed Combat
 * Level 6.3 Spellcasting
 * Level 7.1 Conjurations
 * Level 9.3 Transmutations
 * Level 5.1 Fire Magic
 * Level 4.5 Air Magic
 * Level 2.6 Earth Magic
 * Level 8.1 Invocations
 * Level 7.0 Evocations


You had 10 spell levels left.
You knew the following spells:

 Your Spells              Type           Power      Damage    Failure   Level
a - Magic Dart            Conj           100%       1d8       4%          1
b - Searing Ray           Conj           100%       2d8       8%          2
c - Plasma Beam           Fire/Air       18%        2x1d33    100%        6
d - Irradiate             Conj/Tmut      27%        3d20      65%         5
e - Statue Form           Tmut/Erth      28%        N/A       100%        6

Your spell library contained the following spells:

 Spells                   Type           Power      Damage    Failure   Level
 Foxfire                  Conj/Fire      100%       2x1d9     8%          1
 Shock                    Conj/Air       100%       1d9       9%          1
 Passwall                 Tmut/Erth      35%        N/A       12%         2
 Sandblast                Erth           48%        2d12      32%         1
 Momentum Strike          Conj/Tloc      58%        3d9       32%         2
 Swiftness                Air            35%        N/A       41%         3
 Mephitic Cloud           Conj/Pois/Air  31%        N/A       50%         3
 Dazzling Flash           Conj/Hex       58%        N/A       54%         3
 Hailstorm                Conj/Ice       29%        3d8       54%         3
 Cigotuvi's Dreadful Rot  Necr/Pois/Air  34%        N/A       58%         2
 Petrify                  Tmut/Erth      43%        N/A       63%         4
 Apportation              Tloc           18%        N/A       67%         1
 Freeze                   Ice            36%        1d5       67%         1
 Necrotise                Necr           36%        1d5       67%         1
 Summon Small Mammal      Summ           36%        N/A       67%         1
 Ice Form                 Ice/Tmut       36%        N/A       80%         4
 Blink                    Tloc           18%        N/A       82%         2
 Call Imp                 Summ           18%        N/A       82%         2
 Lesser Beckoning         Tloc           18%        N/A       82%         2
 Sublimation of Blood     Necr           9%         N/A       82%         2
 Airstrike                Air            17%        2d(3-19)  82%         4
 Fulminant Prism          Conj/Hex       14%        3d9       91%         4
 Fireball                 Conj/Fire      22%        3d10      91%         5
 Frozen Ramparts          Ice            18%        1d3       96%         3
 Ozocubu's Armour         Ice            9%         N/A       96%         3
 Alistair's Intoxication  Tmut/Pois      24%        N/A       98%         5
 Leda's Liquefaction      Hex/Erth       8%         N/A       99%         4
 Dispel Undead            Necr           9%         3d8       100%        4
 Agony                    Necr           9%         N/A       100%        5
 Borgnjor's Vile Clutch   Necr/Erth      8%         N/A       100%        5
 Lee's Rapid Deconstruct  Erth           12%        3d8*      100%        5
 Metabolic Englaciation   Hex/Ice        4%         N/A       100%        5
 Silence                  Hex/Air        11%        N/A       100%        5
 Death Channel            Necr           4%         N/A       100%        6
 Simulacrum               Ice/Necr       4%         N/A       100%        6
 Starburst                Conj/Fire      22%        6d7       100%        6
 Ozocubu's Refrigeration  Ice            4%         4d8       100%        7
 Lehudib's Crystal Spear  Conj/Erth      18%        10d6      100%        8
 Polar Vortex             Ice            4%         N/A       100%        9


Dungeon Overview and Level Annotations

Branches:
Dungeon (15/15)            Temple (1/1) D:4            Lair (5/5) D:8
  Swamp (4/4) Lair:2        Snake (4/4) Lair:2        Slime (0/5) Lair:5
    Orc (2/2) D:12            Elf (3/3) Orc:2        Vaults (2/5) D:13
  Crypt (0/3) Vaults:2     Depths (0/4) D:15        Ossuary (visited)
 Bailey (visited)           IceCv (visited)          WizLab (1/1)

Altars:
Ashenzari
Cheibriados
Dithmenos
Elyvilon
Fedhas
Gozag
Hepliaklqana
Kikubaaqudgha
Makhleb
Nemelex Xobeh
Okawaru
Qazlal
Ru
Sif Muna
Trog
Uskayaw
Vehumet
Wu Jian
Xom
Yredelemnul
Zin
The Shining One
Jiyva

Shops:
D:2 :([((   D:5 (   D:11 (   Orc:2 *[:(   Snake:3 (**

Portals:
Trove: Vaults:1 (give 12 potions of heal wounds)

Annotations:
Lair:1 exclusion: oklob plant
Lair:2 3 runed translucent doors, nubinia's ghost, novice GrEE
Lair:3 1 runed translucent door, Vedemn's ghost, journeyman MiGl
Snake:4 2 transporters, Mara; fly's ghost, adept DgDe
Elf:1 6 transporters, 6 runed translucent doors
Elf:2 3 runed translucent doors


Innate Abilities, Weirdness & Mutations

You are too large for most types of armour.
You have claws for hands.
Your natural rate of healing is unusually fast.
You are covered in fur. (AC +1)
You have tough skin. (AC +1)


Message History

The caustic shrike zombie claws you but does no damage.
The spectral quicksilver dragon bites you but does no damage.
The spectral quicksilver dragon closely misses you.
The shadow wraith hits you!
* * * LOW HITPOINT WARNING * * *
Unknown command.
Unknown command.
Unknown command.
Unknown command.
You bump into the stone wall.
The caustic shrike zombie barely misses you.
Your juvenile stingox beast stings the eidolon but does no damage.
The spectral quicksilver dragon closely misses you.
The spectral quicksilver dragon claws you!
* * * LOW HITPOINT WARNING * * *
You feel drained.
* * * LOW HITPOINT WARNING * * *
The caustic shrike zombie claws you!
* * * LOW HITPOINT WARNING * * *
The shadow wraith hits you but does no damage.
A ghostly fireball appears from out of your range of vision.
The ghostly flame explodes!
The ghostly fireball engulfs your juvenile stingox beast!!
Your juvenile stingox beast is drained!
Your juvenile stingox beast dies!
Your juvenile stingox beast's corpse disappears in a puff of smoke!
Unknown command.
Unknown command.
Unknown command.
Unknown command.
Unknown command.
Unknown command.
You scratch the spectral quicksilver dragon.
The spectral quicksilver dragon is lightly damaged.
The spectral quicksilver dragon misses you.
The spectral quicksilver dragon claws you but does no damage.
The caustic shrike zombie claws you!
* * * LOW HITPOINT WARNING * * *
The spectral quicksilver dragon bites you.
You die...

##.## ###...## ####
#⌠.....⌠ ##..##
#...∩...
##....#####.......
#..#........##.##.
#..#........##.##.
#.Z...#####.......
#@...##...#...∩...
#ZW.##...Z#⌠.....⌠
##..##....W###...##
#W..#.....Z..##.##
#...#...#.....#⌠#
#.......#WZ...###
#.§.#..##W.##..#
#......#..## .#
##.)#..#zWW .


You could see an eidolon, a shadow wraith (invisible), a spectral quicksilver
dragon and a caustic shrike zombie.

Vanquished Creatures
  A bone dragon (Swamp:4)
  Jorgrun (D:12)
  A tentacled monstrosity (D:13)
  An ancient champion (WizLab)
  Gastronok (Lair:2)
  A thorn hunter (Swamp:2)
  Roxanne (Swamp:4)
  Donald (Snake:1)
  A nagaraja (Snake:3)
  2 frost giants (IceCv)
  Louise (Snake:1)
  Aizul (Swamp:4)
  A deep elf elementalist (Elf:1)
  3 vault wardens
  3 orc warlords
  A stone giant (Orc:2)
  An ironbound thunderhulk (Vaults:1)
  5 ironbound preservers
  5 eleionomae
  3 deep elf demonologists (Elf:1)
  A deep elf annihilator (Elf:1)
  A white draconian (IceCv)
  3 dire elephants (Vaults:1)
  2 spectral titans (WizLab)
  Azrael (D:14)
  Snorg (D:13)
  The ghost of Frosty the Thaumaturge, a journeyman DsFE of Sif Muna (Lair:4)
  6 bunyips
  An eidolon (WizLab)
  A spectral quicksilver dragon (WizLab)
  A shambling mangrove (Swamp:2)
  A deep elf death mage (Elf:1)
  4 ettins
  3 great orbs of eyes (Vaults:1)
  A jiangshi (WizLab)
  5 vault guards
  A deep elf high priest (Elf:1)
  4 ghost crabs
  Erolcha (D:12)
  2 yaktaur captains (Vaults:1)
  7 ice dragons
  3 hydras
  5 centaur warriors
  A salamander tyrant (Snake:3)
  2 anacondas
  A catoblepas (Lair:4)
  10 ironbound frosthearts
  6 two-headed ogres
  A death knight (D:15)
  A satyr (shapeshifter) (D:15)
  8 alligators
  17 dancing weapons
  A tengu warrior (D:13)
  5 boulder beetles
  3 naga warriors
  7 death yaks (Lair:5)
  A deep troll earth mage (Vaults:1)
  An orc high priest (Elf:1)
  Urug (D:12)
  6 naga sharpshooters
  2 shock serpents
  The ghost of Morbidden the Caller, a novice TrSu (D:7)
  7 deep elf knights (Elf:1)
  A salamander mystic (Snake:3)
  2 skeletal warriors (D:15)
  A hell knight (D:15)
  4 goliath frogs
  A spectral spark wasp (WizLab)
  2 shadow wraiths (WizLab)
  7 spriggan druids
  3 skysharks
  4 bog bodies
  3 spectral anacondas (Snake:1)
  Lodul (D:14)
  4 anaconda zombies (Snake:1)
  4 swamp dragons
  8 deep elf archers (Elf:1)
  7 phantasmal warriors
  3 naga ritualists
  11 deep trolls
  2 flayed ghosts (WizLab)
  A spectral hydra (Swamp:4)
  3 large abominations (D:13)
  4 ironbound convokers (Vaults:1)
  6 anaconda skeletons (Snake:1)
  6 lindwurms (Vaults:1)
  2 necromancers
  An orange crystal statue (IceCv)
  6 deep elf zephyrmancers (Elf:1)
  4 wizards
  4 orc knights
  A harpy (Vaults:1)
  5 mana vipers
  15 deep elf pyromancers
  An oklob plant (Lair:1)
  A wolf spider (Lair:5)
  4 orc sorcerers
  12 cyclopes
  29 ugly things
  3 will-o-the-wisps
  4 salamanders
  7 vault sentinels (Vaults:1)
  4 manticores
  15 elephants
  13 slime creatures
  An ice statue (Swamp:3)
  8 naga magi
  2 demonic crawlers (D:13)
  37 black mambas
  Joseph (Lair:1)
  4 guardian serpents
  A gargoyle (D:13)
  14 cane toads
  2 freezing wraiths (D:15)
  A kobold demonologist (D:7)
  3 efreet
  5 komodo dragons
  8 swamp worm zombies (Swamp:4)
  3 unseen horrors
  9 rime drakes
  14 yaktaurs
  9 anaconda simulacra (Snake:1)
  A tengu conjurer (D:15)
  11 tyrant leeches
  2 harpy zombies (WizLab)
  4 hydra zombies (Swamp:4)
  A wolf spider simulacrum (D:14)
  10 polar bears
  15 hornets
  2 bloated husks
  10 trolls
  Grinder (D:6)
  Prince Ribbit (D:6)
  13 blink frogs
  2 alligator zombies (Swamp:4)
  5 spectral swamp dragons (Swamp:4)
  2 air elementals (Elf:1)
  Sigmund (D:4)
  12 spriggans
  4 water elementals
  2 wraiths
  15 wyverns
  31 yaks
  7 humans (Bailey)
  A golden eye (shapeshifter) (Elf:1)
  A chaos spawn (D:13)
  5 fire elementals
  13 basilisks
  14 vampire mosquitoes
  A redback simulacrum (D:15)
  2 redbacks (Lair:5)
  15 nagas
  3 wargs
  Menkaure (D:7)
  4 acid dragons
  3 hell hounds (D:14)
  20 swamp worms
  29 water moccasins
  23 orc warriors
  4 swamp drakes (Swamp:2)
  An ice beast (D:5)
  17 ogres
  2 swamp dragon zombies (Swamp:4)
  A black bear (D:4)
  4 boggarts (D:14)
  8 wolves
  11 centaurs
  9 phantoms
  Blork the orc (D:4)
  22 bullfrogs
  4 earth elementals (Elf:1)
  5 gnoll sergeants
  2 scorpions (D:7)
  16 wights
  3 killer bees (D:9)
  3 electric eels
  10 howler monkeys
  5 crimson imps
  A human zombie (Ossuary)
  4 jellies
  15 orc priests
  3 gnoll boudas
  5 hounds
  3 sleepcaps
  2 iguanas
  20 orc wizards
  A spectral swamp drake (Swamp:4)
  5 small abominations (D:13)
  2 mummies (Ossuary)
  Robin (D:2)
  24 gnolls
  4 adders
  A shadow imp (D:8)
  4 white imps
  2 worms
  A dart slug (D:3)
  72 orcs
  5 bats
  6 endoplasms
  4 giant cockroaches
  2 gnoll zombies (Ossuary)
  20 goblins
  12 hobgoblins
  5 jackals
  5 ball pythons
  5 frilled lizards
  2 goblin zombies (Ossuary)
  6 hobgoblin zombies (Ossuary)
  8 kobolds
  3 orc zombies (Ossuary)
  6 rats
  A spectral weapon (Swamp:2)
1189 creatures vanquished.

Vanquished Creatures (collateral kills)
  An ice dragon (IceCv)
  3 hydras
  A swamp worm (Swamp:3)
  An orc (Elf:1)
6 creatures vanquished.

Vanquished Creatures (others)
  An alligator (Swamp:4)
  A spectral anaconda (Snake:1)
  A swamp dragon (Swamp:4)
  2 bloated husks
  A wolf spider simulacrum (D:15)
  4 slime creatures (D:14)
  A gnoll sergeant (D:7)
  An ufetubus (D:7)
  An orc (Elf:1)
  14 foxfires
27 creatures vanquished.

Grand Total: 1222 creatures vanquished

Notes
Turn   | Place    | Note
-------+----------+-------------------------------------------
     0 | D:1      | Morbidden the Troll Monk began the quest for the Orb.
     0 | D:1      | Reached XP level 1. HP: 22/22 MP: 0/0
   660 | D:2      | Reached XP level 2. HP: 27/29 MP: 1/1
   714 | D:2      | Found Tecupaogrir's Weapon Shop.
   748 | D:2      | Found Ekhlufef's Antique Weapon Shop.
   751 | D:2      | Reached XP level 3. HP: 36/36 MP: 2/2
   804 | D:2      | Noticed Robin
   825 | D:2      | Killed Robin
   930 | D:2      | Found Lic Keb's Armour Boutique.
   938 | D:2      | Reached XP level 4. HP: 33/45 MP: 3/3
   951 | D:2      | Reached skill level 4 in Unarmed Combat
  1129 | D:2      | Found Daclid's Book Shoppe.
  1166 | D:2      | Found Reilueq's Antique Weapon Shop.
  1459 | D:3      | Noticed an ogre
  1473 | D:3      | Killed an ogre
  1474 | D:3      | Reached XP level 5. HP: 39/53 MP: 4/4
  1848 | D:3      | Learned a level 1 spell: Magic Dart
  1851 | D:3      | Learned a level 2 spell: Searing Ray
  1975 | D:3      | Found the +5 woodcutter's axe
  2007 | D:3      | Reached skill level 1 in Armour
  2007 | D:3      | Reached skill level 5 in Unarmed Combat
  2007 | D:3      | Reached XP level 6. HP: 58/61 MP: 6/6
  2161 | D:4      | Noticed Sigmund
  2190 | D:4      | Killed Sigmund
  2191 | D:4      | Reached skill level 1 in Spellcasting
  2199 | D:4      | Reached XP level 7. HP: 52/67 MP: 7/7
  2416 | D:4      | Found a staircase to the Ecumenical Temple.
  2432 | Temple   | Entered the Ecumenical Temple
  2637 | Temple   | Became a worshipper of Cheibriados the Contemplative
  2637 | Temple   | Reached * piety under Cheibriados
  2637 | Temple   | Reached ** piety under Cheibriados
  2678 | D:4      | Noticed Blork the orc
  2684 | D:4      | Reached skill level 6 in Unarmed Combat
  2684 | D:4      | Reached skill level 1 in Conjurations
  2684 | D:4      | Reached skill level 1 in Evocations
  2697 | D:4      | Killed Blork the orc
  3012 | D:5      | Entered Level 5 of the Dungeon
  3170 | D:5      | Reached XP level 8. HP: 78/78 MP: 7/9
  3204 | D:5      | Reached skill level 1 in Invocations
  3259 | D:5      | Found Fizomigh's Antique Weapon Boutique.
  3707 | D:6      | Found a sand-covered staircase.
  3711 | D:6      | Identified the +7 dagger of the Shining Light {venom, Fly
                  | rPois Str-5 Stlth+}
  3736 | Ossuary  | Entered an ossuary
  3919 | D:6      | Reached skill level 1 in Stealth
  3920 | D:6      | Found a shadowy altar of Dithmenos.
  3947 | D:6      | Reached *** piety under Cheibriados
  4065 | D:6      | Identified the +7 long sword "Pendulum" {heavy, rPois
                  | Str+3}
  4215 | D:6      | Noticed Grinder
  4228 | D:6      | Killed Grinder
  4229 | D:6      | Reached XP level 9. HP: 57/87 MP: 10/10
  4795 | D:6      | Noticed Prince Ribbit
  4810 | D:6      | Killed Prince Ribbit
  4958 | D:6      | Identified 2 scrolls of acquirement
  4958 | D:6      | Acquired the ring "Juewkal" {Fly rPois rC++}
  4961 | D:6      | Acquired a manual of Transmutations
  5007 | D:7      | Found a sparkling altar of Nemelex Xobeh.
  5032 | D:7      | Reached skill level 5 in Fighting
  5032 | D:7      | Reached skill level 1 in Throwing
  5048 | D:7      | Found an ornate altar of the Wu Jian Council.
  5052 | D:7      | Noticed Menkaure
  5061 | D:7      | Killed Menkaure
  5121 | D:7      | Reached **** piety under Cheibriados
  5158 | D:7      | Noticed an efreet
  5177 | D:7      | Killed an efreet
  5178 | D:7      | Reached skill level 7 in Unarmed Combat
  5267 | D:7      | Killed an unseen horror
  5527 | D:7      | Found a runed translucent gate.
  5527 | D:7      | Found a runed translucent gate.
  5527 | D:7      | Found a runed translucent gate.
  5528 | D:7      | Noticed Morbidden's ghost (novice TrSu)
  5528 | D:7      | Noticed a kobold demonologist
  5533 | D:7      | Killed a kobold demonologist
  5534 | D:7      | Reached XP level 10. HP: 96/96 MP: 12/12
  5542 | D:7      | Reached skill level 5 in Dodging
  6058 | D:7      | Reached ***** piety under Cheibriados
  6340 | D:7      | Reached skill level 5 in Armour
  6347 | D:7      | Reached skill level 1 in Transmutations
  6396 | D:8      | Found a flagged portal.
  6417 | Bailey   | Entered a bailey
  6428 | Bailey   | Reached skill level 8 in Unarmed Combat
  6668 | Bailey   | Noticed a vault guard
  6683 | Bailey   | Killed a vault guard
  6685 | Bailey   | Noticed a vault guard
  6719 | Bailey   | Reached XP level 11. HP: 51/104 MP: 9/14
  6773 | Bailey   | Killed a vault guard
  7055 | D:8      | Identified the +5 cloak of Virchud {+Inv rElec rF+}
  7156 | D:8      | Found a staircase to the Lair.
  7175 | D:8      | Found a sacrificial altar of Ru.
  7179 | D:8      | Found a shimmering altar of Xom.
  7325 | D:8      | Found a burning altar of Makhleb.
  7467 | D:9      | Reached skill level 9 in Unarmed Combat
  7679 | D:9      | Found a stormy altar of Qazlal.
  7904 | D:9      | Identified the +0 leather armour of Chill Winds {Rampage
                  | +Blink}
  7911 | D:9      | Found a blossoming altar of Fedhas.
  7936 | D:9      | Found a radiant altar of Vehumet.
  8109 | D:10     | Entered Level 10 of the Dungeon
  8314 | D:10     | Noticed a two-headed ogre
  8324 | D:10     | Killed a two-headed ogre
  8522 | D:10     | Paralysed by a hornet for 2 turns
  8684 | Lair:1   | Entered Level 1 of the Lair of Beasts
  8782 | Lair:1   | Noticed Joseph
  8788 | Lair:1   | Killed Joseph
  9021 | Lair:1   | Reached skill level 10 in Unarmed Combat
  9100 | Lair:1   | Reached XP level 12. HP: 113/113 MP: 13/16
  9775 | Lair:2   | Noticed Gastronok
  9815 | Lair:2   | Killed Gastronok
  9993 | Lair:2   | Noticed a minotaur
  9993 | Lair:2   | Noticed nubinia's ghost (novice GrEE)
 10110 | Lair:2   | Found a staircase to the Snake Pit.
 10494 | Lair:2   | Found a runed translucent gate.
 10494 | Lair:2   | Found a runed translucent gate.
 10494 | Lair:2   | Found a runed translucent gate.
 10722 | Lair:2   | Found a staircase to the Swamp.
 11018 | Lair:3   | Reached ****** piety under Cheibriados
 11065 | Lair:3   | Reached skill level 11 in Unarmed Combat
 11374 | Lair:3   | Found a runed translucent door.
 11375 | Lair:3   | Found a shimmering altar of Xom.
 11375 | Lair:3   | Noticed Vedemn's ghost (journeyman MiGl)
 11582 | Lair:4   | Noticed a catoblepas
 11603 | Lair:4   | Killed a catoblepas
 11682 | Lair:4   | Noticed an ice dragon
 11709 | Lair:4   | Killed an ice dragon
 11710 | Lair:4   | Reached XP level 13. HP: 54/122 MP: 18/18
 11956 | Lair:4   | Learned a level 6 spell: Plasma Beam
 12005 | Lair:4   | Noticed Frosty's ghost (journeyman DsFE)
 12006 | Lair:4   | Found a runed translucent gate.
 12006 | Lair:4   | Found a runed translucent gate.
 12095 | Lair:4   | Found a runed translucent gate.
 12487 | Lair:4   | Killed Frosty's ghost
 12491 | Lair:4   | Reached skill level 5 in Transmutations
 12502 | Lair:4   | Got Qaesom's Folio of Wild Tephra
 12503 | Lair:4   | Identified the ring of Sovereignty {Contam EV+5 Int+2 SInv}
 12603 | Lair:5   | Entered Level 5 of the Lair of Beasts
 12738 | Lair:5   | Reached skill level 12 in Unarmed Combat
 12738 | Lair:5   | Reached skill level 5 in Invocations
 12753 | Lair:5   | Reached skill level 1 in Air Magic
 12787 | Lair:5   | Reached skill level 1 in Fire Magic
 13237 | Lair:5   | Reached XP level 14. HP: 116/131 MP: 19/19
 13412 | Lair:5   | Reached skill level 13 in Unarmed Combat
 13423 | Lair:5   | Found a staircase to the Slime Pits.
 13424 | Lair:5   | Found a viscous altar of Jiyva.
 14351 | D:7      | Killed Morbidden's ghost
 15010 | D:11     | Found Ileut's Antique Weapon Boutique.
 15071 | D:11     | Identified the +7 scimitar of the Everdark {holy, rElec
                  | rC+}
 15156 | D:11     | Found the +4 robe of Folly {Brill Will-∞ Int+8}
 15170 | D:11     | Reached skill level 5 in Evocations
 15637 | D:12     | Reached skill level 5 in Conjurations
 15724 | D:12     | Noticed Urug
 15735 | D:12     | Killed Urug
 15777 | D:12     | Noticed Erolcha
 15783 | D:12     | Killed Erolcha
 15940 | D:12     | Noticed Jorgrun
 15950 | D:12     | Killed Jorgrun
 15993 | D:12     | Found a staircase to the Orcish Mines.
 16353 | Orc:1    | Entered Level 1 of the Orcish Mines
 16634 | D:13     | You are sucked into a shaft and drop 2 floors!
 16634 | D:15     | Entered Level 15 of the Dungeon
 16805 | D:15     | Reached XP level 15. HP: 126/140 MP: 21/21
 17082 | D:14     | Noticed Lodul
 17089 | D:14     | Reached skill level 14 in Unarmed Combat
 17106 | D:14     | Killed Lodul
 17181 | D:14     | Identified the +5 bardiche of the Jolly Thickets {freeze,
                  | *Noise +Blink Int+5 Dex-2}
 17324 | D:14     | Noticed Azrael
 17348 | D:14     | Killed Azrael
 17473 | D:14     | Found a bloodstained altar of Trog.
 18565 | D:15     | Reached skill level 5 in Throwing
 18605 | D:15     | Reached skill level 5 in Spellcasting
 18695 | D:15     | Found a staircase to the Depths.
 18783 | D:15     | Reached skill level 10 in Armour
 19115 | D:13     | Acquired 1043 gold pieces
 19276 | D:13     | Found a runed translucent door.
 19356 | D:13     | Found a gate to the Vaults.
 19356 | D:13     | Noticed Snorg
 19374 | D:13     | Killed Snorg
 19691 | D:13     | Noticed a tentacled monstrosity
 19701 | D:13     | Killed a tentacled monstrosity
 20049 | Orc:1    | You are sucked into a shaft and drop 1 floor!
 20049 | Orc:2    | Entered Level 2 of the Orcish Mines
 20267 | Orc:2    | Found Gaistreo's Antique Armour Emporium.
 20312 | Orc:2    | Found Nuxkotof's General Store.
 20350 | Orc:2    | Bought the +8 lance "Wyrmbane" {slay drac, rPois rF+ rC+
                  | AC+3} for 1050 gold pieces
 20350 | Orc:2    | Found the +8 lance "Wyrmbane" {slay drac, rPois rF+ rC+
                  | AC+3}
 20380 | Orc:2    | Found Gavvijop's Book Boutique.
 20428 | Orc:2    | Found a staircase to the Elven Halls.
 20544 | Orc:2    | Found Amoatse's Antique Weapon Emporium.
 21038 | Snake:1  | Entered Level 1 of the Snake Pit
 21110 | Snake:1  | Noticed Louise
 21125 | Snake:1  | Killed Louise
 21126 | Snake:1  | Reached XP level 16. HP: 142/150 MP: 22/22
 21311 | Snake:1  | Reached skill level 15 in Unarmed Combat
 21820 | Snake:1  | Noticed Donald
 21836 | Snake:1  | Killed Donald
 21970 | Snake:1  | Reached skill level 1 in Polearms
 22131 | Snake:2  | Reached skill level 1 in Shields
 22854 | Snake:3  | Found Icvesmu's Antique Weapon Shop.
 22923 | Snake:3  | Found Carreviur's General Store.
 22925 | Snake:3  | Found Lorhunt's Specific Store.
 23457 | Snake:3  | Learned a level 5 spell: Irradiate
 24062 | Snake:4  | Entered Level 4 of the Snake Pit
 24063 | Snake:4  | Found a transporter.
 24071 | Snake:4  | Noticed fly's ghost (adept DgDe)
 24091 | Snake:4  | Found a transporter.
 24092 | Snake:4  | Noticed Mara
 24103 | Snake:4  | Noticed Morbidden's illusion
 24369 | Snake:4  | Noticed Morbidden's illusion
 24408 | Snake:4  | Noticed Morbidden's illusion
 24551 | Swamp:1  | Entered Level 1 of the Swamp
 24941 | Swamp:1  | Reached XP level 17. HP: 124/143 MP: 24/24
 24957 | Swamp:1  | Found a shimmering altar of Xom.
 25378 | Swamp:2  | Reached skill level 16 in Unarmed Combat
 26125 | Swamp:3  | Found a frozen archway.
 26165 | IceCv    | Entered an ice cave
 27348 | Swamp:4  | Entered Level 4 of the Swamp
 27542 | Swamp:4  | Noticed Aizul
 27557 | Swamp:4  | Killed Aizul
 27854 | Swamp:4  | Reached XP level 18. HP: 168/169 MP: 25/25
 28012 | Swamp:4  | Identified Roxanne's Directory of the Gargoyle
 28012 | Swamp:4  | Noticed Roxanne
 28038 | Swamp:4  | Killed Roxanne
 28048 | Swamp:4  | Learned a level 6 spell: Statue Form
 28220 | Swamp:4  | Noticed a bone dragon
 28251 | Swamp:4  | Killed a bone dragon
 28479 | Swamp:4  | Got a decaying rune of Zot
 28727 | Elf:1    | Entered Level 1 of the Elven Halls
 28782 | Elf:1    | Found a transporter.
 28784 | Elf:1    | Found a transporter.
 28811 | Elf:1    | Found an ancient bone altar of Kikubaaqudgha.
 28811 | Elf:1    | Found an ancient bone altar of Kikubaaqudgha.
 28820 | Elf:1    | Noticed a Tzitzimitl
 28824 | Elf:1    | Paralysed by an air elemental for 1 turns
 28919 | Elf:1    | Reached skill level 5 in Shields
 28919 | Elf:1    | Reached skill level 1 in Earth Magic
 29093 | Elf:1    | Identified the staff of fire "Qosuycod" {rF+ Str+3 Int+3}
 29165 | Elf:1    | Found a radiant altar of Vehumet.
 29165 | Elf:1    | Found a shimmering blue altar of Sif Muna.
 29268 | Elf:1    | Found a transporter.
 29269 | Elf:1    | Found a transporter.
 29296 | Elf:1    | Found a transporter.
 29297 | Elf:1    | Found a transporter.
 29584 | Elf:1    | Noticed a Tzitzimitl
 29586 | Elf:1    | Noticed a Brimstone Fiend
 29640 | Elf:1    | Found a runed translucent gate.
 29640 | Elf:1    | Found a runed translucent gate.
 29640 | Elf:1    | Found a runed translucent gate.
 29640 | Elf:1    | Found a runed translucent gate.
 29640 | Elf:1    | Found a runed translucent gate.
 29640 | Elf:1    | Found a runed translucent gate.
 30111 | Elf:2    | Found a runed translucent gate.
 30112 | Elf:2    | Found a runed translucent gate.
 30112 | Elf:2    | Found a runed translucent gate.
 30235 | Elf:3    | Entered Level 3 of the Elven Halls
 30462 | Vaults:1 | Entered Level 1 of the Vaults
 30513 | Vaults:1 | Reached skill level 17 in Unarmed Combat
 30640 | Vaults:1 | Upgraded the game from 0.31-a0-14-gc80a10f4b6 to
                  | 0.31-a0-18-gea43df2a32
 30865 | Vaults:1 | Reached XP level 19. HP: 155/176 MP: 27/27
 30948 | Vaults:1 | Identified the +3 dagger of Fortitude {heavy, rC+ Int+6}
 31599 | Vaults:1 | Paralysed by a great orb of eyes for 5 turns
 31613 | Vaults:1 | Reached skill level 5 in Fire Magic
 31825 | Vaults:1 | Found a portal to a secret trove of treasure.
 33139 | Vaults:1 | Found a portal to a secret trove of treasure.
 33716 | Vaults:2 | Found a magical portal.
 33722 | WizLab   | Entered Borgnjor's Mausoleum
 33878 | WizLab   | HP: 6/132 [eidolon/bolt of negative energy (34)]
 33885 | WizLab   | HP: 4/128 [caustic shrike zombie (14)]
 33885 | WizLab   | Slain by a spectral quicksilver dragon

Illustrated notes

Levels and vault maps discovered:
D:1:      dpeg_arrival_simpleton_b, layout_basic, minmay_misc_feat_square
D:2:      layout_basic, serial_shops, nicolae_shop_dealshenge, shop, shop,
          nicolae_shop_real_fake_doors, shop, uniq_robin
D:3:      minmay_spotlight, layout_loops_ring, nrook_mini_vaults,
          grunt_decor_mini_mirrors, grunt_ministairs_9, minmay_misc_feat_cross,
          pf_guarded_unrand_woodcutter
D:4:      layout_cave_pools, minmay_temple_entry_statues_fountains,
          kennysheep_generic_room_3, uniq_sigmund, uniq_blork_the_orc
D:5:      layout_basic, serial_shops, nicolae_diamond_shop, abandoned_shop
D:6:      layout_layer_cave, mainiacjoe_overflow_brackets,
          lightli_ossuary_entry_decrepit_ruins, uniq_grinder,
          uniq_prince_ribbit1
D:7:      nzn_winding_woodlands_small
          [nzn_winding_woodlands_5x15_pathside_ponds,
          nzn_winding_woodlands_center_lodge,
          nzn_winding_woodlands_5x15_river_crossing], layout_basic,
          nemelex_altar_shiori, mainiacjoe_overflow_boulevard,
          gammafunk_ghost_split, kennysheep_pointless_box, kennysheep_dice,
          uniq_menkaure
D:8:      layout_rooms, makhleb_grotto_becter, nicolae_ru_sacrificial_ziggurat,
          led_xom_imps, lair_entry_dummy, enter_bailey_4
D:9:      layout_irregular_city, grunt_qazlal_clouds,
          mainiacjoe_overflow_six_doors_small, kennysheep_mini
D:10:     layout_cave_pools, nicolae_elevator_lobby_plus
D:11:     layout_rooms, nicolae_take_the_stairs, chequers_serial_rivers_small_a,
          minmay_fire_ice_demons
D:12:     layout_loops_ring, orc_0_dummy, minmay_fractal_squares_gapless_5,
          uniq_erolcha, uniq_urug, uniq_jorgrun
D:13:     cheibrodos_body_horror, layout_cave_pools, david_vaults_1, uniq_snorg
D:14:     layout_grid_maze, serial_rivers, chequers_serial_rivers_micro_c,
          chequers_serial_rivers_micro_c, chequers_serial_rivers_room_b,
          chequers_serial_rivers_small_3, bloody_trog, uniq_azrael, uniq_lodul
D:15:     hangedman_depths_entry_civil_slaughter, layout_loops_ring
Temple:   nicolae_temple_figure_eight
Lair:1:   minmay_lair_oklob_chamber, layout_gridlike,
          infiniplex_staircase_pool_2, uniq_joseph
Lair:2:   layout_cave_pods, minmay_swamp_entry_worms,
          minmay_snake_entry_six_corridors, maelrawn_ghost_gauntlet_escape,
          uniq_gastronok
Lair:3:   layout_roguey, ebering_ghost_xom, st_stairs_7, beast_lair_carwin_2
Lair:4:   layout_cellular_growth, gammafunk_ghost_split, bobbens_ice_dragon_lair
Lair:5:   hangedman_lair_tendril_chambers, layout_big_grid, slime_entry_1,
          kennysheep_basilisk_garden, infiniplex_staircase_pool
Swamp:1:  layout_basic_swamp, nicolae_swamp_godswood, swamp_pool1
Swamp:2:  layout_basic_swamp, nicolae_swamp_well_well_well, swamp_pool5,
          nicolae_swamp_feature_on_the_river_bank
Swamp:3:  layout_basic_swamp, portal_ice_cave_entry_ice_statue_two,
          nicolae_swamp_round_clearing
Swamp:4:  swamp_pestilence, layout_basic_swamp, swamp_pool3, uniq_aizul,
          uniq_roxanne
Snake:1:  nrook_guardian_serpent_snake_passage, layout_grid_shapes,
          nicolae_snake_dead_anacondas, serial_bayou_shore_b, uniq_donald,
          uniq_louise
Snake:2:  layout_rooms
Snake:3:  layout_chambers, serial_shops, shop, nicolae_specific_store
Snake:4:  snake_pit, layout_chambers, gammafunk_ghost_arena,
          nrook_guardian_serpent_ordinary, minmay_shop_grove, uniq_mara
Orc:1:    layout_diamond_mine
Orc:2:    grunt_orc_gardens, layout_diamond_mine, grunt_orc_garden,
          grunt_orc_garden, grunt_orc_garden, grunt_orc_garden
Elf:1:    minmay_the_grid_octo_tiled_octocenter [minmay_the_grid_octo_shrine,
          minmay_the_grid_octo_horde, minmay_the_grid_octo_thin_diamonds,
          minmay_the_grid_octo_odd_swirl,
          minmay_the_grid_octo_prize_ultimate_mussel_roller,
          minmay_the_grid_square_5x5_fancy_junction,
          minmay_the_grid_square_5x5_tetrominoes,
          minmay_the_grid_square_5x5_tri_point,
          minmay_the_grid_square_5x5_minibox], layout_loops_ring, orc_legates,
          serial_nicolae_subway, nicolae_sub_station_crystal,
          nicolae_sub_station_metal, nicolae_sub_station_stone
Elf:2:    nicolae_elf_blades_crystal_corner, layout_rooms
Elf:3:    elf_hall, layout_geoelf_octagon, serial_shops, nicolae_shop_trees
Vaults:1: nicolae_vaults_storage_closets_1, grunt_vaults_swirl,
          ontoclasm_vaults_twist, v_misc_8, v_rooms_3, ontoclasm_vaults_shout,
          hangedman_vaults_corner_blocks, grunt_vaults_hallway_short,
          v_pattern_2, nicolae_vaults_shelves_hall, layout_vaults_chaotic_city,
          enter_trove_6
Vaults:2: mu_enter_wizlab_2, ontoclasm_vaults_gateway, v_misc_24,
          minmay_crypt_entry_nasty_monster, hangedman_vaults_pinch,
          nicolae_vaults_shelves_hall, dpeg_vaults_monster_box,
          nicolae_vaults_octothorpe, vaults_standard_mumra_enter_the_diamond,
          nicolae_vaults_big_ls, nicolae_vaults_house_1, layout_vaults_omnigrid,
          uniq_jory, uniq_zenata, uniq_mennas
WizLab:   wizlab_borgnjor

Skill      XL: |  1  2  3  4  5  6  7  8  9 10 11 12 13 14 15 16 17 18 19 |
---------------+----------------------------------------------------------+-----
Fighting       | 3 4 5 6 7 8 9 |  9.0
Unarmed Combat | 4 5 6 7 8 10 11 12 13 14 15 16 17 | 17.6
Dodging        | 3 4 5 6 7 8 |  8.9
Armour         | 1 2 4 5 7 8 9 10 11 | 11.9
Spellcasting   | 1 2 3 4 5 6 |  6.3
Conjurations   | 1 2 3 4 5 6 7 |  7.1
Evocations     | 1 2 3 4 5 6 7 |  7.0
Invocations    | 1 2 3 4 5 6 7 8 |  8.1
Stealth        | 1 2 |  2.0
Throwing       | 1 2 3 4 5 6 7 |  7.5
Transmutations | 2 3 4 5 6 7 8 9 |  9.3
Air Magic      | 1 2 3 4 |  4.5
Fire Magic     | 1 2 3 4 5 |  5.1
Polearms       | 2 3 4 |  4.6
Shields        | 2 4 5 |  5.9
Earth Magic    | 2 |  2.6
Axes           | |  0.8
Ranged Weapons | |  0.7

Action                     |  1- 3 |  4- 6 |  7- 9 | 10-12 | 13-15 | 16-18 | 19-21 || total
---------------------------+-------+-------+-------+-------+-------+-------+-------++-------
  Melee: Unarmed           |    68 |    80 |   114 |   630 |  1041 |  1361 |   197 ||  3491
         Battleaxe         |       |    35 |   139 |       |       |       |       ||   174
         Punch             |       |       |     5 |    49 |   105 |     6 |       ||   165
         Lance             |       |       |       |       |       |   193 |       ||   193
   Fire: Sling             |       |       |       |    13 |     3 |       |       ||    16
  Throw: Boomerang         |       |       |    11 |    11 |    17 |    50 |     6 ||    95
         Dart              |       |       |       |    19 |     5 |       |       ||    24
         Large rock        |       |       |       |     5 |     3 |     1 |     1 ||    10
         Javelin           |       |       |       |     6 |       |       |       ||     6
         Stone             |       |       |       |       |    74 |    15 |       ||    89
   Cast: Searing Ray       |       |       |       |       |     4 |     3 |       ||     7
         Magic Dart        |       |       |       |       |       |    11 |       ||    11
 Invoke: Slouch            |       |       |       |     5 |     9 |    14 |     1 ||    29
         Step From Time    |       |       |       |       |     1 |     3 |     1 ||     5
  Evoke: Wand              |       |       |     4 |     7 |    10 |     2 |     1 ||    24
         Phantom mirror    |       |       |       |     1 |     2 |     3 |     1 ||     7
         Lightning rod     |       |       |       |       |     3 |     7 |     4 ||    14
         Tin of tremorston |       |       |       |       |       |     6 |     2 ||     8
         Box of beasts     |       |       |       |       |       |     3 |     1 ||     4
    Use: Scroll            |       |     1 |     2 |    15 |     6 |    19 |     6 ||    49
         Potion            |       |       |       |       |     7 |     2 |     3 ||    12
   Stab: Sleeping          |       |     2 |     3 |       |       |       |       ||     5
         Paralysed         |       |       |     6 |     2 |     2 |       |       ||    10
         Petrifying        |       |       |       |       |     4 |       |       ||     4
         Invisible         |       |       |       |       |     3 |       |     1 ||     4
         Distracted        |       |       |       |       |       |     1 |       ||     1
 Armour: Robe              |    32 |    45 |    21 |       |       |       |       ||    98
         Gold dragon scale |       |       |   130 |   534 |   778 |   942 |   124 ||  2508
  Dodge: Dodged            |    38 |    62 |    58 |   255 |   834 |   977 |   126 ||  2350
  Block: Kite shield       |       |       |       |       |       |   912 |   132 ||  1044
         Reflection        |       |       |       |       |       |    62 |     9 ||    71

Table legend: (Time is in decaauts)
 A = Elapsed time spent in this place.
 B = Non-inter-level travel time spent in this place.
 C = Inter-level travel time spent in this place.
 D = Time resting spent in this place.
 E = Time spent auto-exploring this place.
 F = Levels seen in this place.
 G = Mean time per level.
                   A        B        C        D        E       F      G
               +--------+--------+--------+--------+--------+-----+--------+
         Total |  53200 |  48193 |   5007 |   1916 |  37246 |  40 | 1330.0 |
       Dungeon |  21033 |  18327 |   2706 |    499 |  14626 |  15 | 1402.2 |
        Temple |    242 |    206 |     36 |      0 |    189 |   1 |  242.0 |
          Lair |   9370 |   8527 |    843 |    140 |   6985 |   5 | 1874.0 |
         Swamp |   5203 |   4886 |    317 |    221 |   3384 |   4 | 1300.8 |
     Snake Pit |   5544 |   5126 |    418 |    241 |   4047 |   4 | 1386.0 |
  Orcish Mines |   1601 |   1414 |    187 |      0 |   1130 |   2 |  800.5 |
   Elven Halls |   2829 |   2581 |    248 |     88 |   1960 |   3 |  943.0 |
        Vaults |   5472 |   5222 |    250 |    405 |   4170 |   2 | 2736.0 |
       Ossuary |    133 |    133 |      0 |      0 |     78 |   1 |  133.0 |
        Bailey |    630 |    630 |      0 |    194 |    209 |   1 |  630.0 |
      Ice Cave |    907 |    907 |      0 |    128 |    363 |   1 |  907.0 |
        Wizlab |    231 |    231 |      0 |      0 |    101 |   1 |  231.0 |
               +--------+--------+--------+--------+--------+-----+--------+

Top non-repeatable levels by time:
Vaults:1: 5217 daAuts
 Snake:3: 2684 daAuts
  Lair:5: 2305 daAuts
     D:7: 2279 daAuts
  Lair:2: 2169 daAuts
    D:14: 2125 daAuts
    D:12: 2064 daAuts
     D:6: 2000 daAuts
  Lair:1: 1892 daAuts
  Lair:4: 1809 daAuts
    D:15: 1800 daAuts
 Snake:1: 1792 daAuts
   Elf:1: 1741 daAuts
    D:13: 1609 daAuts
   Orc:2: 1425 daAuts
